 Dungeon Crawl Stone Soup version 0.27-a0-1154-gfdeffcb720 (webtiles) character file.

Game seed: 13545672780019558115

28 freelancePsychic the Insei (level 3, -8/27 HPs)
             Began as a Merfolk Transmuter on May 14, 2021.
             Killed by nerve-wracking pain
             ... invoked by Jessica
              (9 damage)
             ... on level 2 of the Dungeon.
             The game lasted 00:02:21 (1310 turns).

freelancePsychic the Insei (Merfolk Transmuter)     Turns: 1310, Time: 00:02:22

Health: -8/27      AC:  2    Str: 10    XL:     3   Next: 14%
Magic:  6/6        EV: 13    Int: 13    God:
Gold:   30         SH:  0    Dex: 14    Spells: 2/6 levels left

rFire    . . .     SeeInvis .     - Unarmed
rCold    . . .     Faith    .   (no shield)
rNeg     . . .     Spirit   .   a - +0 robe
rPois    .         Reflect  .   (no helmet)
rElec    .         Harm     .   (no cloak)
rCorr    .         Rampage  .   (no gloves)
Will     .....                  (no boots)
Stlth    +.........             (no amulet)
HPRegen  0.09/turn              (no ring)
MPRegen  0.10/turn              (no ring)

@: no status effects
A: (nimble swimmer 2), mertail
a: no special abilities


You were on level 2 of the Dungeon.
You visited 1 branch of the dungeon, and saw 2 of its levels.

You collected 30 gold pieces.

Inventory:

Armour
 a - a +0 robe (worn)
Scrolls
 b - a scroll of enchant armour {unknown}
Potions
 c - a potion of brilliance {unknown}


   Skills:
 - Level 1.6 Fighting
 - Level 3.0 Dodging
 - Level 3.5 Unarmed Combat
 - Level 2.2 Spellcasting
 + Level 3.3 Transmutations
 + Level 0.5 Poison Magic


You had 2 spell levels left.
You knew the following spells:

 Your Spells              Type           Power      Damage    Failure   Level
a - Beastly Appendage     Tmut           20%        N/A       6%          1
b - Spider Form           Tmut/Pois      3%         N/A       34%         3

Your spell library contained the following spells:

 Spells                   Type           Power      Damage    Failure   Level
 Wereblood                Tmut           10%        N/A       10%         2
 Summon Small Mammal      Summ           4%         N/A       26%         1
 Call Imp                 Summ           1%         N/A       36%         2
 Call Canine Familiar     Summ           1%         N/A       58%         3
 Summon Guardian Golem    Hex/Summ       1%         N/A       58%         3
 Ice Form                 Ice/Tmut       5%         N/A       77%         4
 Hydra Form               Tmut           5%         N/A       87%         5
 Summon Ice Beast         Ice/Summ       1%         N/A       94%         4
 Summon Lightning Spire   Summ/Air       1%         N/A       94%         4


Dungeon Overview and Level Annotations

Branches:
Dungeon (2/15)

Altars:

Annotations:
D:2 Jessica


Innate Abilities, Weirdness & Mutations

((You are quick and stealthy near water. (Stealth+, EV+, Speed+++)))
Your lower body shifts to a powerful aquatic tail in water.


Message History

You punch the jackal!
You kill the jackal!
You hit the hobgoblin but do no damage. The hobgoblin closely misses you.
You hit the hobgoblin.
The hobgoblin is almost dead.
The hobgoblin hits you.
* * * LOW HITPOINT WARNING * * *
You hit the hobgoblin but do no damage.
The hobgoblin is almost dead.
The hobgoblin barely misses you.
The jackal bites you but does no damage.
The jackal closely misses you.
You see here a +0 club.
The jackal barely misses you. The jackal bites you.
* * * LOW HITPOINT WARNING * * *
The jackal closely misses you.
Jessica casts a spell.
Jessica seems to speed up.
You closely miss the jackal. The jackal barely misses you.
The jackal misses you.
You hit the jackal.
The jackal is lightly wounded.
The jackal closely misses you.
You hit the jackal but do no damage.
The jackal is lightly wounded.
The jackal closely misses you.
You hit the jackal.
You kill the jackal!
You hit Jessica but do no damage. Jessica barely misses you. x2
Jessica mumbles some strange words.
Jessica blinks!
Unknown command.
You hit Jessica.
Jessica is heavily wounded.
Jessica misses you. Jessica hits you with a +0 club.
* * * LOW HITPOINT WARNING * * *
Jessica gestures wildly.
Jessica points at you and mumbles some strange words.
Pain shoots through your body!
You die...

###############...#####.#
.†hg.h@..# #.#.......#
########.# #...####...
#.# ###†# .# #.# #.# .#
#S# #§# .. #h# #g#.# #.#
#####...#
######§####...@@.##
.hh.h.hg............#
#######......#..#....#
......#####.##.....#
###.... ... .##$...
#..... ....#.# #...
#..<.(.....#.. #..
#..........# ..!....


You could see Jessica (fast) and a hobgoblin.

Vanquished Creatures
  A worm (D:2)
  6 ball pythons
  4 bats (D:1)
  2 giant cockroaches (D:1)
  2 goblins
  4 jackals
  A quokka (D:1)
  A frilled lizard (D:1)
  2 kobolds (D:1)
23 creatures vanquished.

Notes
Turn   | Place    | Note
-------+----------+-------------------------------------------
     0 | D:1      | freelancePsychic the Merfolk Transmuter began the quest for
                  | the Orb.
     0 | D:1      | Reached XP level 1. HP: 15/15 MP: 3/3
   266 | D:1      | Reached XP level 2. HP: 21/21 MP: 5/5
   328 | D:1      | Found a faded altar of an unknown god.
  1019 | D:2      | Noticed Jessica
  1047 | D:1      | Reached XP level 3. HP: 8/27 MP: 6/6
  1254 | D:1      | Learned a level 3 spell: Spider Form
  1309 | D:2      | HP: 1/27 [Jessica/+0 club (3)]
  1310 | D:2      | Killed from afar by Jessica

Illustrated notes

Levels and vault maps discovered:
D:1:      dpeg_arrival_tiny_g, layout_loops_ring,
          shapermc_ecumenical_altar_totnotflames
D:2:      layout_rooms, uniq_sigmund, uniq_jessica

Skill      XL: |  1  2 |
---------------+-------+-----
Dodging        | 3 |  3.0
Transmutations | 3 |  3.3
Fighting       | |  1.6
Unarmed Combat | |  3.5
Spellcasting   | |  2.2
Poison Magic   | |  0.5

Action                   || total
-------------------------++-------
Melee: Unarmed           ||    94
       Punch             ||     2
 Cast: Beastly Appendage ||     2
  Use: Scroll            ||     1
Armor: Robe              ||    28
Dodge: Dodged            ||    74

Table legend: (Time is in decaauts)
 A = Elapsed time spent in this place.
 B = Non-inter-level travel time spent in this place.
 C = Inter-level travel time spent in this place.
 D = Time resting spent in this place.
 E = Time spent auto-exploring this place.
 F = Levels seen in this place.
 G = Mean time per level.
                   A        B        C        D        E       F      G
               +--------+--------+--------+--------+--------+-----+--------+
         Total |   1305 |   1290 |     15 |    211 |    858 |   2 |  652.5 |
       Dungeon |   1305 |   1290 |     15 |    211 |    858 |   2 |  652.5 |
               +--------+--------+--------+--------+--------+-----+--------+

Top non-repeatable levels by time:
     D:1: 1178 daAuts
     D:2: 127 daAuts
